 Dungeon Crawl Stone Soup version 0.23-a0-33-g1e3a2e4e2f (webtiles) character file.

63 Htamos the Ruffian (level 4, -1/40 HPs)
             Began as a Hill Orc Fighter on Aug 5, 2018.
             Slain by Sigmund
             ... wielding a +0 scythe
              (7 damage)
             ... on level 2 of the Dungeon.
             The game lasted 00:01:32 (1288 turns).

Htamos the Ruffian (Hill Orc Fighter)               Turns: 1288, Time: 00:01:33

Health: -1/40      AC:  6    Str: 24    XL:     4   Next: 9%
Magic:  4/4        EV:  7    Int:  8    God:
Gold:   113        SH:  9    Dex: 10    Spells: 3/3 levels left

rFire    . . .     SeeInvis .     - Unarmed
rCold    . . .     Gourm    .   b - +0 shield
rNeg     . . .     Faith    .   a - +0 scale mail
rPois    .         Spirit   .   (no helmet)
rElec    .         Reflect  .   (no cloak)
rCorr    .         Harm     .   (no gloves)
MR       .....                  (no boots)
Stlth    ..........             (no amulet)
HPRegen  0.13/turn              (no ring)
MPRegen  0.09/turn              (no ring)

@: mighty
A: no striking features
a: no special abilities


You were on level 2 of the Dungeon.
You were not hungry.

You visited 1 branch of the dungeon, and saw 2 of its levels.

You collected 113 gold pieces.

Inventory:

Armour
 a - a +0 scale mail (worn)
 b - a +0 shield (worn)
Jewellery
 o - an uncursed amulet of the gourmand {unknown}
Scrolls
 e - 2 scrolls of remove curse {unknown}
 g - 2 scrolls of teleportation {unknown}
 h - a scroll of fear {unknown}
 j - a scroll of enchant weapon {unknown}
 k - 3 scrolls of identify {unknown}
 l - a scroll of magic mapping {unknown}
 n - a scroll of blinking {unknown}
Potions
 m - a potion of brilliance {unknown}
Comestibles
 d - 5 rations


   Skills:
 - Level 3.9 Fighting
 - Level 3.5 Armour
 - Level 3.5 Shields
 * Level 4.0 Unarmed Combat


You had 3 spell levels left.
You didn't know any spells.
Your spell library was empty.

Dungeon Overview and Level Annotations

Branches:
Dungeon (2/15)

Altars:

Annotations:
D:2 Sigmund


Message History

Deactivating autopickup; reactivate with Ctrl-A.
You hit something.
You hear some strange, mumbled words.
A magic dart appears from out of thin air!
The magic dart hits you!
* * * LOW HITPOINT WARNING * * *
Something hits you!
* * * LOW HITPOINT WARNING * * *
You barely miss something.
Unknown command.
You aren't carrying any items that you can evoke.
Okay, then.
You hit something. Something hits you but does no damage.
You miss something. Something hits you.
* * * LOW HITPOINT WARNING * * *
Your shield and scale mail prevent you from hitting something.
Unknown command.
You miss something. Something hits you but does no damage.
You hit something. Something hits you!
You die...

##### #...########
............## .......#.##
.##### .#..>....# .....#
.#####...###.###.#####
...#
#...............##########
##.#
#.......###.###..........#
#.# #........##@#
##########.# #.#
##.##.##.##{# #.# #.#
#.##.# .##.# #.# #.#
#.##.# .##.# #.# ##.#
#.##.# ##.# #.# ...#
#.##.##.##.# #.# ####
#.##.##..).# #.#
#.##.##..##############.#
#.##.##.................#


There were no monsters in sight!

Vanquished Creatures
  2 adders (D:2)
  2 oozes
  A dart slug (D:1)
  A leopard gecko (D:1)
  A giant cockroach (D:2)
  4 goblins
  2 hobgoblins (D:1)
  3 jackals (D:1)
  4 bats
  4 frilled lizards
  3 kobolds
  A quokka skeleton (D:2)
  7 rats
35 creatures vanquished.

Notes
Turn   | Place    | Note
-------+----------+-------------------------------------------
     0 | D:1      | Htamos the Hill Orc Fighter began the quest for the Orb.
     0 | D:1      | Reached XP level 1. HP: 19/19 MP: 1/1
   175 | D:1      | Reached XP level 2. HP: 27/27 MP: 2/2
   546 | D:1      | Reached XP level 3. HP: 33/33 MP: 3/3
   558 | D:1      | Reached skill level 3 in Unarmed Combat
  1078 | D:2      | Reached skill level 4 in Unarmed Combat
  1078 | D:2      | Reached XP level 4. HP: 33/40 MP: 4/4
  1270 | D:2      | Noticed Sigmund
  1288 | D:2      | Slain by Sigmund

Vault maps used:
D:1:      tarquinn_simple_flora_water_d
D:2:      minmay_overflow_temple_hex, first_ration, uniq_sigmund

Skill      XL: |  1  2  3 |
---------------+----------+-----
Unarmed Combat | 4 |  4.0
Fighting       | |  3.9
Armour         | |  3.5
Shields        | |  3.5

Action                   |  1- 3 |  4- 6 || total
-------------------------+-------+-------++-------
Melee: Unarmed           |   150 |     9 ||   159
  Use: Potion            |       |     2 ||     2
  Eat: Chunk             |     1 |       ||     1
Armor: Scale mail        |    51 |     2 ||    53
Dodge: Dodged            |    37 |     1 ||    38
Block: Shield            |    72 |       ||    72

Table legend:
 A = Spawn XP
 B = Non-spawn XP
 C = Spawn XP percentage of total XP
 D = Spawn monster count
 E = Non-spawn monster count
 F = Spawn count percentage of total count
 G = Total turns spent on level
                    A         B        C        D         E        F      G
               +---------+---------+-------+---------+---------+-------+---------
         Total |       0 |      90 |   0.0 |       0 |      35 |   0.0 |  1288
               +---------+---------+-------+---------+---------+-------+---------
           D:1 |       0 |      42 |   0.0 |       0 |      22 |   0.0 |   694
           D:2 |       0 |      48 |   0.0 |       0 |      13 |   0.0 |   594
               +---------+---------+-------+---------+---------+-------+---------
